 Dungeon Crawl Stone Soup version 0.20.0-8-g6b59dc7 (webtiles) character file.

788 Hasart the Conjurer (level 7, -4/51 HPs)
             Began as a Demonspawn Wizard on June 2, 2017.
             Slain by an ogre
             ... wielding a +0 giant spiked club
              (23 damage)
             ... on level 5 of the Dungeon.
             The game lasted 00:11:51 (4574 turns).

Hasart the Conjurer (Demonspawn Wizard)             Turns: 4574, Time: 00:11:52

Health: -4/51      AC:  3    Str:  8    XL:     7   Next: 56%
Magic:  0/13       EV: 12    Int: 24    God:
Gold:   206        SH:  0    Dex: 11    Spells: 6/14 levels left

rFire    . . .     SeeInvis .   z - +4 hand crossbow of Indomitability {flame, Int+3}
rCold    . . .     Gourm    .   (no shield)
rNeg     . . .     Faith    .   a - +0 robe
rPois    .         Spirit   +   b - +0 hat
rElec    .         Reflect  .   (no cloak)
rCorr    .         Harm     .   k - +0 pair of gloves
MR       .....                  (no boots)
Stlth    ++........             (no amulet)
Regen    0.2/turn               (no ring)
MPRegen  0.2/turn               (no ring)

@: no status effects
A: horns 1, talons 1, spiny 2, magic shield
a: no special abilities


You were on level 5 of the Dungeon.
You were near starving.

You visited 1 branch of the dungeon, and saw 5 of its levels.

You collected 206 gold pieces.

Inventory:

Hand Weapons
 r - a +0 quarterstaff
 z - the +4 hand crossbow of Indomitability (weapon) {flame, Int+3}
   (You found it on level 5 of the Dungeon)

   It causes projectiles fired from it to burn those they strike, causing extra
   injury to most foes and up to half again as much damage against particularly
   susceptible opponents.
   It affects your intelligence (+3).
Armour
 a - a +0 robe (worn)
 b - a +0 hat (worn)
 k - a +0 pair of gloves (worn)
 v - a +0 shield
Wands
 o - a wand of disintegration (8/24)
Scrolls
 g - a scroll of recharging {unknown}
 h - 3 scrolls of teleportation {unknown}
 i - 2 scrolls of fear {unknown}
 m - 8 scrolls of remove curse
 n - a scroll of amnesia {unknown}
 p - 5 scrolls of identify {unknown}
 u - a scroll of noise {unknown}
 x - a scroll of blinking {unknown}
 y - a scroll of enchant armour {unknown}
Potions
 e - 2 potions of haste {unknown}
 l - a potion of flight {unknown}
 q - a potion of invisibility {unknown}
 s - 5 potions of curing {unknown}
 t - a potion of magic {unknown}
 w - a potion of brilliance {unknown}
Books
 c - a book of Minor Magic

   Spells                             Type                      Level
   a - Magic Dart                     Conjuration                  1
   b - Blink                          Translocation                2
   c - Call Imp                       Summoning                    2
   d - Slow                           Hexes                        2
   e - Conjure Flame                  Conjuration/Fire             3
   f - Mephitic Cloud                 Conjuration/Poison/Air       3
 f - a book of Frost

   Spells                             Type                      Level
   a - Freeze                         Ice                          1
   b - Throw Frost                    Conjuration/Ice              2
   c - Ozocubu's Armour               Charms/Ice                   3
   d - Throw Icicle                   Conjuration/Ice              4
   e - Summon Ice Beast               Ice/Summoning                4
Comestibles
 d - 4 bread rations
 j - a meat ration


   Skills:
 + Level 2.4 Fighting
 - Level 1.7 Dodging
 - Level 1.7 Stealth
 + Level 4.3 Spellcasting
 * Level 5.0 Conjurations
 + Level 2.8 Summonings
 - Level 0.8 Translocations
 + Level 2.6 Air Magic
 + Level 2.3 Poison Magic


You had 6 spell levels left.
You knew the following spells:

 Your Spells              Type           Power        Failure   Level  Hunger
a - Magic Dart            Conj           ####         1%          1    None
b - Blink                 Tloc           N/A          10%         2    None
c - Call Imp              Summ           ###.....     4%          2    None
d - Mephitic Cloud        Conj/Pois/Air  ###.....     7%          3    ##.....


Dungeon Overview and Level Annotations

Branches:
Dungeon (5/15)
 Temple: D:4-7

Altars:
Yredelemnul


Innate Abilities, Weirdness & Mutations

You have a pair of small horns on your head.
You have sharp toenails.
You are mostly covered in sharp spines.
When hurt, damage is shared between your health and your magic reserves.


Message History

[Y]es or [N]o only, please.
Really attack while wielding the +4 hand crossbow of Indomitability {flame, Int+3}? [Y]es or [N]o only, please.
Really attack while wielding the +4 hand crossbow of Indomitability {flame, Int+3}? [Y]es or [N]o only, please.
Really attack while wielding the +4 hand crossbow of Indomitability {flame, Int+3}? [Y]es or [N]o only, please.
Really attack while wielding the +4 hand crossbow of Indomitability {flame, Int+3}? [Y]es or [N]o only, please.
Really attack while wielding the +4 hand crossbow of Indomitability {flame, Int+3}? [Y]es or [N]o only, please.
Really attack while wielding the +4 hand crossbow of Indomitability {flame, Int+3}? [Y]es or [N]o only, please.
Really attack while wielding the +4 hand crossbow of Indomitability {flame, Int+3}?
You clumsily bash the ogre but do no damage.
The ogre is struck by your spines.
The ogre hits you with a giant spiked club!!
The ogre misses you.
The ogre hits you with a giant spiked club!!
You die...

##########.....................
#.....################ #.....#
#.....# #.....+ #.....#######
#####....[... #........
+@....... #OZ...... #........
.....###+ .....# ......#
......# .......#


You could see an ogre and a worker ant zombie.

Vanquished Creatures
  Grinder (D:5)
  An ogre (D:4)
  A phantom (D:4)
  A hound (D:4)
  A jelly (D:5)
  2 orc wizards (D:4)
  Jessica (D:2)
  An iguana (D:5)
  A worker ant (D:4)
  A hound skeleton (D:4)
  7 adders
  An ooze (D:1)
  An adder zombie (D:3)
  A worm (D:4)
  A dart slug (D:3)
  4 leopard geckos
  9 orcs (D:4)
  5 giant cockroaches
  6 goblins
  6 hobgoblins
  7 bats
  5 frilled lizards
  5 kobolds
  A leopard gecko skeleton (D:3)
  A rat (D:2)
71 creatures vanquished.

Vanquished Creatures (collateral kills)
  A phantom (D:4)
  An orc priest (D:4)
  An orc wizard (D:4)
  An adder (D:2)
  An orc (D:4)
  A ball python (D:2)
6 creatures vanquished.

Grand Total: 77 creatures vanquished

Notes
Turn   | Place    | Note
-------+----------+-------------------------------------------
     0 | D:1      | Hasart the Demonspawn Wizard began the quest for the Orb.
     0 | D:1      | Reached XP level 1. HP: 13/13 MP: 4/4
   547 | D:1      | Gained mutation: When hurt, damage is shared between your health and your magic reserves. [demonic ancestry]
   547 | D:1      | Reached XP level 2. HP: 19/19 MP: 6/6
   823 | D:1      | Reached skill level 2 in Conjurations
  1045 | D:1      | Gained mutation: You are partially covered in sharp spines. [demonic ancestry]
  1045 | D:1      | Reached XP level 3. HP: 20/24 MP: 0/7
  1106 | D:1      | Learned a level 2 spell: Blink
  1109 | D:1      | Learned a level 2 spell: Call Imp
  1113 | D:1      | Learned a level 3 spell: Mephitic Cloud
  1496 | D:2      | Noticed Jessica
  1501 | D:2      | Killed Jessica
  1501 | D:2      | Reached skill level 3 in Conjurations
  1516 | D:2      | Gained mutation: You are mostly covered in sharp spines. [demonic ancestry]
  1516 | D:2      | Reached XP level 4. HP: 19/30 MP: 1/9
  2042 | D:3      | Reached skill level 1 in Air Magic
  2564 | D:4      | Noticed a phantom
  2601 | D:4      | Killed a phantom
  2601 | D:4      | Reached skill level 1 in Poison Magic
  2601 | D:4      | Reached XP level 5. HP: 32/36 MP: 2/10
  2711 | D:4      | Noticed a phantom
  2746 | D:4      | Killed a phantom
  2746 | D:4      | Reached skill level 1 in Fighting
  2944 | D:4      | Gained mutation: You have a pair of small horns on your head. [demonic ancestry]
  2944 | D:4      | Reached XP level 6. HP: 43/43 MP: 4/11
  3038 | D:4      | Reached skill level 4 in Conjurations
  3067 | D:4      | Found a basalt altar of Yredelemnul.
  4339 | D:4      | Gained mutation: You have sharp toenails. [demonic ancestry]
  4339 | D:4      | Reached XP level 7. HP: 50/50 MP: 3/13
  4351 | D:5      | Entered Level 5 of the Dungeon
  4451 | D:5      | Got a scorched hand crossbow
  4452 | D:5      | Identified the +4 hand crossbow of Indomitability {flame, Int+3} (You found it on level 5 of the Dungeon)
  4454 | D:5      | Noticed Grinder
  4478 | D:5      | Killed Grinder
  4478 | D:5      | Reached skill level 5 in Conjurations
  4574 | D:5      | Slain by an ogre

Skill      XL: |  1  2  3  4  5  6  7 |
---------------+----------------------+-----
Conjurations   | 2 3 4 5 |  5.0
Air Magic      | 1 2 |  2.6
Poison Magic   | 1 2 |  2.3
Fighting       | 1 2 |  2.4
Summonings     | 2 |  2.8
Spellcasting   | 4 |  4.3
Dodging        | |  1.7
Stealth        | |  1.7
Translocations | |  0.8

Action                   |  1- 3 |  4- 6 |  7- 9 || total
-------------------------+-------+-------+-------++-------
Melee: Short sword       |    30 |    10 |       ||    40
       Quarterstaff      |       |    41 |     1 ||    42
       Headbutt          |       |     1 |     1 ||     2
       Hand crossbow     |       |       |     1 ||     1
 Cast: Magic Dart        |    47 |    88 |       ||   135
       Call Imp          |     1 |     9 |       ||    10
       Blink             |       |     2 |       ||     2
       Mephitic Cloud    |       |     6 |       ||     6
  Use: Scroll            |     1 |       |       ||     1
 Stab: Sleeping          |     1 |     1 |       ||     2
  Eat: Chunk             |     1 |     7 |       ||     8
       Royal jelly       |       |     1 |       ||     1
Armor: Robe              |    17 |    12 |     4 ||    33
Dodge: Dodged            |    53 |    31 |    11 ||    95
